[Event "Grand Prix Romania 1st Stage 2024"]
[Site "Bucuresti"]
[Date "2024.03.23"]
[Round "2.29"]
[White "Andries, Alf"]
[Black "Costachi, Mihnea"]
[Result "0-1"]
[ECO "C47"]
[WhiteElo "2040"]
[BlackElo "2470"]
[Annotator "TA"]
[PlyCount "93"]
[EventDate "2024.03.20"]
[EventType "swiss"]
[EventCountry "ROU"]
[SourceTitle "playchess.com"]
[Source "ChessBase"]
[SourceQuality "1"]
[TimeControl "900+5"]

1. e4 e5 2. Nf3 Nc6 3. d4 exd4 4. Nxd4 Nf6 5. Nxc6 bxc6 6. Nc3 Bb4 7. Bd3 d5 8. exd5 O-O 9. O-O cxd5 10. Bg5 c6 11. Na4 h6 12. Bh4 Be7 13. c4 Be6 14. cxd5 cxd5 15. Rc1 Ne4 16. Bxe7 Qxe7 17. Qe2 Qb4 18. b3 Rac8 19. Bxe4 dxe4 20. Qe3 a5 21. Nc5 Bf5 22. h3 Rfd8 23. Rc4 Qb6 24. Rfc1 Bg6 (24... Rc6 $11 {keeps the balance.}) 25. Nxe4 Qxe3 26. fxe3 Rxc4 27. Rxc4 $16 {[%emt 0:00:03][%mdl 4096] Endgame. KRB-KRN} Re8 {[%emt 0:00:04] [#]} 28. Nc5 Rxe3 29. Ra4 f5 30. Rxa5 Re2 (30... Bf7 $16 {was worth a try.}) 31. b4 Bf7 {[%emt 0:00:18] [#]} 32. Nd3 ({Better is} 32. a4 $1 $16) 32... Bxa2 $11 33. Rxf5 Bb1 34. Rd5 Rd2 35. Nf4 Rb2 36. Rd4 Kf7 37. Nd5 g5 38. Nc3 Bf5 39. Nd1 Rb1 {[%emt 0:00:05] ...Bc2 would now be deadly.} 40. Kf2 Ke6 41. Ne3 Bg6 42. Rc4 Be8 43. Re4+ Kf7 44. Nf5 {[%emt 0:00:08] Nd6+ is the strong threat.} Bc6 {[%emt 0:00:02] The position is equal.} 45. Re2 h5 46. Nd4 Ba4 47. b5 {[%emt 0:00:00][%mdl 32768] Weighted Error Value: White=0.12 (very precise) /Black=0.11 (very precise) .  Mistake:       	White=1     	Black=2      Inaccurate:     	---       	Black=1      OK:         	White=13    	Black=16     Best:        	White=1     	Black=1     . Loss on time!?} 0-1

[Event "Grand Prix Romania 1st Stage 2024"]
[Site "Bucuresti"]
[Date "2024.03.23"]
[Round "2.30"]
[White "Sofronie, Iulian"]
[Black "Gales, Randi-Ioan"]
[Result "0-1"]
[ECO "D00"]
[WhiteElo "2395"]
[BlackElo "2050"]
[Annotator "TA"]
[PlyCount "44"]
[EventDate "2024.03.20"]
[EventType "swiss"]
[EventCountry "ROU"]
[SourceTitle "playchess.com"]
[Source "ChessBase"]
[SourceQuality "1"]
[TimeControl "900+5"]

1. d4 d5 2. Bf4 Nf6 3. e3 e6 4. Nd2 c5 5. c3 Bd6 6. Bg3 O-O 7. Ngf3 Qc7 8. dxc5 {[%emt 0:00:32] The position is equal.} Qxc5 9. Bd3 Nbd7 10. e4 Qc7 11. Qe2 {[%emt 0:00:58] Hoping for e5.} Bxg3 12. hxg3 {[%emt 0:00:02] Threatens to win with e5.} dxe4 ({Black should play} 12... h6 $11) 13. Nxe4 $14 b6 {[%emt 0:00:46] [#]} 14. g4 $1 g6 ({Better is} 14... Nxg4 $14 15. Nd4 Nh6) (14... Nd5 15. O-O-O) 15. Qd2 $18 Bb7 {[%emt 0:01:01] [#]} (15... Nxg4 $16 16. Rh4 f5) 16. Qh6 $1 Rfd8 (16... Bxe4 17. Bxe4 Rfd8 18. Bxa8 $18) 17. g5 $4 (17. Nxf6+ $18 Nxf6 18. g5) 17... Nxe4 $19 (17... Bxe4 $2 18. gxf6 Nxf6 19. Bxe4 $18) 18. Rh4 Ndc5 19. Bxe4 Nxe4 (19... Bxe4 20. Qxh7+ Kf8 21. Qh8+ Ke7 22. Qf6+ Kd7 (22... Kd6 $2 23. Ne5 $18) 23. Rxe4 Nxe4 24. Qxf7+ Kc6 25. Qxe6+ Nd6 26. Ne5+ Kb5 (26... Kb7 27. Qd5+ Ka6 28. Nc6 $11) 27. Qd5+ Ka6 28. Nc6 $11) 20. Qxh7+ Kf8 21. g3 $2 (21. Rxe4 Bxe4 22. Qh8+ Ke7 23. Qf6+ Ke8 24. Qh8+ Kd7 25. Qd4+ Bd5 26. c4) 21... Qc5 ({Not} 21... Ke7 22. Rf4 Rf8 23. Nh4 $17) 22. Rf4 (22. Rxe4 $19 Bxe4 23. Qh8+ Ke7 24. Qf6+ Ke8 25. Ne5) 22... Qxf2# {[%emt 0:00:03] Weighted Error Value: White=0.88/Black=0.27 (precise) .  Missed win:     	White=1     	---        Mistake:       	White=2     	Black=3      OK:         	White=6     	Black=5      Best:        	White=1     	Black=3      Strong:       	White=1     	---} 0-1

[Event "Grand Prix Romania 1st Stage 2024"]
[Site "Bucuresti"]
[Date "2024.03.23"]
[Round "2.31"]
[White "Costescu, Mihnea-Constantin"]
[Black "Stoyanov, Tsvetan"]
[Result "0-1"]
[ECO "D24"]
[WhiteElo "1951"]
[BlackElo "2465"]
[Annotator "TA"]
[PlyCount "86"]
[EventDate "2024.03.20"]
[EventType "swiss"]
[EventCountry "ROU"]
[SourceTitle "playchess.com"]
[Source "ChessBase"]
[SourceQuality "1"]
[TimeControl "900+5"]

1. d4 Nf6 2. Nf3 e6 3. c4 d5 4. Nc3 dxc4 5. e4 b5 6. e5 Nd5 7. Nxb5 Nb6 8. Be2 {[%emt 0:00:15] White is slightly better.} Be7 9. O-O Nc6 10. a4 (10. Be3 $14) 10... Na5 $11 11. Be3 Bb7 12. Qc2 O-O 13. Rad1 Qd7 (13... Rb8 {simplifies} 14. Qc3 Nc6 15. Bxc4 Nxa4 16. Qb3 Nb6) 14. Bd2 Nb3 15. Bxc4 Nxd2 16. Nxd2 Qc6 {[%emt 0:00:17][%csl Gb7][%cal Rc6g2] [#]} 17. f3 a6 18. Na3 Nxa4 (18... Qxa4 $17 19. Bd3 Qxd4+ 20. Kh1 Qxe5 21. Bxh7+ Kh8) 19. Qb1 $2 {[%emt 0:00:26] [#] This move loses the game for White.} ({White should try} 19. Nb3 $15 a5 20. Rc1) 19... Bxa3 $1 $19 20. bxa3 Nc3 $1 21. Qd3 Nxd1 22. Rxd1 Qa4 23. Ne4 (23. Qb3 $142 Bc6 24. Ne4) 23... Bxe4 24. fxe4 c6 25. d5 cxd5 26. exd5 exd5 27. Qxd5 Rac8 28. Bb3 Qxa3 {[%emt 0:00:14] Black is clearly winning.} 29. e6 (29. Rd3 $142) 29... fxe6 30. Qxe6+ Kh8 {[%emt 0:00:00] Strongly threatening ...Rc3.} 31. Qd5 Qc5+ (31... Rc3 $142 32. Kh1 Qxb3 (32... Rxb3 $2 33. Qe4 $19) 33. Qxb3 Rxb3) 32. Qxc5 Rxc5 {[%emt 0:00:01][%mdl 4096] Endgame. KRR-KRB} 33. Ra1 a5 34. Ba4 g6 35. h3 Rf4 36. Kh2 Rd4 37. Bb3 Rb4 38. Bd1 Kg7 39. Bf3 a4 40. Rd1 Rc7 41. Rd5 Ra7 {[%emt 0:00:02] ...a3 would now be deadly.} 42. Rd2 a3 43. Bd5 Rd7 {[%emt 0:00:04] Weighted Error Value: White=0.69/Black=0.20 (precise) .  Loses game:     	White=1     	---        Mistake:       	White=3     	Black=1      Inaccurate:     	White=4     	---        OK:         	White=5     	Black=14     Best:        	White=1     	Black=3      Strong:       	---       	Black=1} 0-1

[Event "Grand Prix Romania 1st Stage 2024"]
[Site "Bucuresti"]
[Date "2024.03.23"]
[Round "2.32"]
[White "Bulmaga, Irina"]
[Black "Sava, Robert-Gabriel"]
[Result "1/2-1/2"]
[ECO "C45"]
[WhiteElo "2429"]
[BlackElo "2049"]
[Annotator "TA"]
[PlyCount "130"]
[EventDate "2024.03.20"]
[EventType "swiss"]
[EventCountry "ROU"]
[SourceTitle "playchess.com"]
[Source "ChessBase"]
[SourceQuality "1"]
[TimeControl "900+5"]

1. e4 e5 2. d4 exd4 3. Nf3 Nc6 4. Nxd4 Bc5 5. Be3 Nxd4 6. Bxd4 Bxd4 7. Qxd4 Qf6 8. Qc3 {[%emt 0:00:33] C45: Scotch Game.} Qxc3+ 9. Nxc3 Ne7 10. Nb5 Kd8 11. O-O-O a6 12. Nc3 b5 $146 ({Predecessor:} 12... d6 13. e5 d5 14. Nxd5 Nxd5 15. Rxd5+ Ke7 16. Rd1 Be6 17. a3 Rac8 18. g3 Bg4 {0-1 Bobeanu,S (1273)-Maruntis,P (1520) ROM-ch U12 Baile Felix 2017 (6)}) 13. a4 b4 14. Ne2 Bb7 15. f3 Bc6 16. b3 d6 17. Nd4 Bd7 18. Bc4 Rf8 19. Rhe1 Kc8 20. e5 d5 21. e6 fxe6 22. Nxe6 Bxe6 23. Rxe6 Kd7 24. Rxa6 Rxa6 25. Bxa6 Kd6 26. Bd3 c5 27. Kb2 Nc6 28. Bxh7 Rh8 29. Bf5 ({Better is} 29. Be4 $16 Nd4 30. Bd3 Rxh2 31. a5) 29... Rxh2 $14 30. Bh3 Nd4 31. a5 Kc6 32. a6 (32. Ra1 $16 {a6 is the strong threat.} Nb5 33. a6) 32... Kb6 $11 33. Ra1 Ka7 (33... Nb5 $1 $11) 34. Ra5 $16 c4 {[%emt 0:00:24] [#]} 35. bxc4 $1 (35. Rxd5 $2 {loses.} c3+ 36. Ka2 Nxc2 37. Rd7+ Kxa6 $19) 35... dxc4 36. c3 bxc3+ 37. Kxc3 Nxf3 38. Kxc4 (38. Rb5 $16) 38... Ng1 $1 $11 39. Ra3 Nxh3 40. gxh3 Rc2+ 41. Kd5 Re2 42. Rg3 Kxa6 43. Rxg7 Rh2 44. Rh7 Kb6 45. h4 Rd2+ $1 46. Ke6 Kc6 $2 {[%emt 0:00:03][%mdl 8192] [#]} (46... Re2+ $11 47. Kf7 Rf2+ 48. Kg8 Rf5) 47. h5 $1 $18 Re2+ 48. Kf6 $2 (48. Kf7 $18 {White wants to mate with Rh6+.} Rf2+ 49. Ke8) 48... Kd6 $1 $11 49. Rf7 (49. h6 $5 Re6+ $8 50. Kg5 Re5+ 51. Kg4 Re4+ 52. Kf5 Re5+ 53. Kg6 Re6+ 54. Kg5 Re5+ 55. Kh4 Re4+ 56. Kh5 Re5+ 57. Kg6 Re6+ 58. Kf5 Re5+ 59. Kg4 Re4+ 60. Kf3 $11) 49... Rf2+ $2 (49... Rh2 $11) 50. Kg6 $2 (50. Kg7 {mates} Rg2+ 51. Kf8 Rh2 52. Rf6+ Ke5 53. Rb6 Rh1 54. h6 Rh3 55. Kg7) 50... Rg2+ $11 51. Kh7 Ke6 52. Rf3 Ke7 53. h6 Rg1 54. Ra3 Kf7 55. Ra7+ Kf8 56. Ra5 Kf7 57. Rf5+ Ke7 58. Rf4 Rg2 59. Ra4 Kf7 60. Ra7+ Kf8 61. Rg7 Rf2 62. Rg5 Rf7+ 63. Kg6 Kg8 64. Rd5 Rf8 65. Rd7 Ra8 1/2-1/2

[Event "Grand Prix Romania 1st Stage 2024"]
[Site "Bucuresti"]
[Date "2024.03.23"]
[Round "2.33"]
[White "Arba, Constantin-Andrei"]
[Black "Stoleriu, George"]
[Result "0-1"]
[ECO "B15"]
[WhiteElo "1924"]
[BlackElo "2391"]
[Annotator "RC"]
[PlyCount "84"]
[EventDate "2024.03.20"]
[EventType "swiss"]
[EventCountry "ROU"]
[SourceTitle "playchess.com"]
[Source "ChessBase"]
[SourceQuality "1"]
[TimeControl "900+5"]

1. e4 c6 2. d4 d5 3. Nc3 dxe4 4. Nxe4 Nf6 5. Nxf6+ exf6 6. c3 Bd6 7. Bd3 O-O 8. Ne2 Re8 9. O-O Nd7 10. Bf4 Nf8 11. Bxd6 Qxd6 12. Ng3 Ng6 13. Qc2 Be6 14. Ne4 Qc7 15. Nc5 Re7 16. Bxg6 hxg6 17. Nxe6 Rxe6 18. Rae1 Rae8 19. Rxe6 Rxe6 20. b4 Qe7 21. Qd3 Re2 22. a4 Ra2 23. a5 Qe6 24. h3 g5 25. Qb1 g6 26. Re1 Qc4 27. Re8+ Kg7 28. Re3 Ra3 29. Qb2 Rb3 30. Qc2 Rxb4 31. Qe2 Rb1+ 32. Kh2 Qd5 33. Qf3 Qxa5 34. Re7 Qd8 35. Qe4 Qd6+ 36. g3 Rb2 37. Kg2 Qd5 38. Qxd5 cxd5 39. Rd7 Rb5 40. Kf3 a5 41. Ke3 a4 42. Rd8 Ra5 0-1

[Event "Grand Prix Romania 1st Stage 2024"]
[Site "Bucuresti"]
[Date "2024.03.23"]
[Round "2.34"]
[White "Vedmediuc, Serghei"]
[Black "Arion, Ilie"]
[Result "1-0"]
[ECO "B07"]
[WhiteElo "2452"]
[BlackElo "1919"]
[Annotator "TA"]
[PlyCount "125"]
[EventDate "2024.03.20"]
[EventType "swiss"]
[EventCountry "ROU"]
[SourceTitle "playchess.com"]
[Source "ChessBase"]
[SourceQuality "1"]
[TimeControl "900+5"]

1. e4 d6 2. f4 g6 3. d4 Nf6 4. Nd2 Bg7 5. Ngf3 O-O 6. c3 Nc6 7. Bd3 e5 8. d5 Nb8 9. fxe5 dxe5 10. O-O Nbd7 11. c4 Nc5 12. Bc2 a5 13. Qe2 Nh5 (13... c6 $5) 14. Nb3 Nxb3 15. axb3 Qe7 16. Bg5 Qc5+ 17. Be3 Qe7 18. Qd2 f5 {[%emt 0:00:46] [#]} (18... b6 $16) 19. Rxa5 (19. b4 $1 $18) 19... Rxa5 $16 20. Qxa5 b6 21. Qa3 Qe8 22. exf5 (22. b4 $16) 22... gxf5 (22... e4 {looks sharper.} 23. Ng5 gxf5 24. d6 f4) 23. b4 ({White should play} 23. Ng5 $11) 23... f4 (23... e4 $1 $15 24. Ng5 f4 25. Bxe4 fxe3 26. Rxf8+ Kxf8 27. b5+ (27. Nxh7+ $2 Kg8 $19) 27... Kg8 28. Qxe3 h6 (28... Bxb2 $2 29. Bxh7+ Kf8 30. Qxe8+ Kxe8 31. Bg6+ Ke7 32. Bxh5 $18) (28... Bf5 29. d6 $17)) 24. Bc1 e4 25. Re1 $1 exf3 $2 (25... Bf5 $11 26. Nh4 Bd4+ 27. Kf1 Bf2) 26. Rxe8 $18 Rxe8 27. Qd3 $2 (27. gxf3 $2 Bd4+ $19) (27. Qxf3 $18 Re1+ 28. Kf2 Rxc1 29. Bxh7+ Kxh7 30. Qxh5+ Bh6 31. Qf7+ Bg7 32. Qxc7 (32. Qxf4 Ra1 $18)) 27... Re1+ $11 28. Kf2 Rxc1 $2 (28... fxg2 $1 $11 {and Black stays safe.} 29. Kxg2 Bg4 (29... Rxc1 30. d6 $16)) 29. Qxh7+ $2 (29. gxf3 $18 {Threatens to win with d6.} Nf6 30. Qd2) 29... Kf8 $11 30. gxf3 (30. Kxf3 $2 Bg4+ (30... Bxb2 $2 31. Qxc7 Rxc2 32. Qxc8+ Kg7 33. d6 $18) 31. Kxg4 Nf6+ 32. Kxf4 Nxh7 33. Bxh7 Rxc4+ (33... Bxb2 $2 34. Bd3 $19) 34. Kf5 Rh4 $19 (34... Rxb4 $2 35. Ke6 $19) (34... Bxb2 $2 35. Ke6 $19)) 30... Nf6 $1 31. Qg6 Bh3 32. Bf5 Bxf5 33. Qxf5 Rxc4 34. b3 Rxb4 35. h4 Rb5 36. Qxf4 Rxd5 37. Qxc7 Rb5 38. b4 Ne8 39. Qf4+ Bf6 40. Qh6+ Bg7 41. Qg6 Rxb4 42. h5 Rh4 43. Kg3 Rh1 44. Kg2 (44. Qxb6 Rxh5 45. Kf2 Nf6) 44... Rh4 45. Qg5 Bf6 46. Qf5 Ke7 47. Qh7+ Ng7 48. h6 Kf7 49. f4 Rxf4 50. hxg7 Bxg7 (50... Rg4+ 51. Kf1 Rf4+ 52. Ke1 Bxg7 (52... Bc3+ 53. Ke2 $14) 53. Qh2 (53. Qh5+ Kf6 $14)) 51. Qh5+ Kf8 52. Qd5 Rf6 53. Kg3 Rg6+ 54. Kf4 Rf6+ 55. Kg5 Rf1 56. Qd8+ Kf7 57. Qc7+ Kf8 58. Qb8+ Kf7 59. Qa7+ Kf8 60. Qb8+ Kf7 61. Qc7+ Kf8 $1 62. Qc8+ Kf7 $2 (62... Ke7 $14) 63. Qc4+ 1-0

[Event "Grand Prix Romania 1st Stage 2024"]
[Site "Bucuresti"]
[Date "2024.03.23"]
[Round "2.35"]
[White "Zaim, Marian"]
[Black "Nevednichy, Vladislav"]
[Result "0-1"]
[ECO "A37"]
[WhiteElo "1963"]
[BlackElo "2445"]
[Annotator "TA"]
[PlyCount "104"]
[EventDate "2024.03.20"]
[EventType "swiss"]
[EventCountry "ROU"]
[SourceTitle "playchess.com"]
[Source "ChessBase"]
[SourceQuality "1"]
[TimeControl "900+5"]

1. Nf3 c5 2. c4 g6 3. g3 Bg7 4. Bg2 Nc6 5. O-O e5 6. Nc3 Nge7 7. a3 d6 8. Rb1 Be6 9. d3 a5 10. Ne1 O-O 11. Nc2 d5 12. cxd5 Nxd5 13. Ne4 b6 14. Ng5 Bc8 15. Ne3 Nde7 {[%emt 0:00:27] The position is equal.} 16. Bd2 ({White should play} 16. b4 $11 cxb4 (16... axb4 17. axb4 cxb4 18. Bd2 $11) 17. axb4 axb4 18. Bd2) 16... h6 $15 17. Nf3 Be6 18. Bc3 a4 19. Nc4 (19. Nh4 $142) 19... Qc7 $1 $17 20. Rc1 Rfd8 {[%emt 0:00:11] ...Bxc4 would now be deadly.} 21. Qc2 Rab8 22. Ne3 (22. Qxa4 $2 {loses.} b5 23. Ba5 Qa7 $19) 22... Bb3 23. Qb1 f5 {[%emt 0:00:30] Black is more active.} 24. Nd2 Bf7 25. Rfe1 Qd7 (25... Qa7 $17 26. Nc2 b5) 26. b4 $15 cxb4 27. Bxb4 Nxb4 28. Qxb4 b5 29. Red1 Qd6 30. Rb1 {[%emt 0:00:44] [#]} (30. Qxd6 $17 Rxd6 31. Rc7) 30... Qxb4 $1 $19 31. Rxb4 {[%emt 0:00:02] [#]} e4 $1 32. Ndf1 (32. Rc1 $142) 32... Bb3 {[%emt 0:00:15] A strong pair of Bishops.} (32... Nc6 $142 33. Rbb1 b4 34. axb4 a3 (34... Rxb4 $2 35. dxe4 Rxb1 36. Rxb1 $19) (34... Nxb4 $2 35. dxe4 Rxd1 36. Rxd1 $19) 35. dxe4 a2 (35... Rxb4 $2 {is the wrong capture.} 36. Rxd8+ Kh7 37. Rxb4 $18) 36. exf5 axb1=R (36... axb1=Q $2 37. Rxb1 Nd4 38. Kh1 $19) (36... axb1=N $2 37. fxg6 Bxg6 38. Bxc6 $19) (36... axb1=B $2 37. Rxb1 Nd4 38. Bf3 $19) 37. Rxb1 Nd4 (37... Rxb4 $2 38. Rxb4 Nxb4 39. h4 $19) (37... Nxb4 $2 38. Rc1 $19)) 33. Rb1 Nc6 34. R4xb3 axb3 35. dxe4 Nd4 36. exf5 (36. Kh1 $142) 36... Nxe2+ 37. Kh1 b2 38. fxg6 Rbc8 {[%emt 0:00:06] Threatens to win with ...Rc1.} 39. Be4 (39. Bf3 $142 Nc1 (39... Rc1 $2 40. Rxb2 Nxg3+ 41. hxg3 $19) 40. Bg4) 39... Nc3 40. Rxb2 Nxe4 41. Rxb5 Nxf2+ 42. Kg2 Nd3 43. Nf5 Rc2+ 44. Kh3 Nf2+ 45. Kh4 Rc4+ 46. Kh5 Ng4 47. Nxg7 Kxg7 48. Rb7+ Kf6 {[%emt 0:00:04] ( -> ...Rd5+)} 49. h3 Rd5+ {[%emt 0:00:12] Black mates.} 50. Kh4 Ne3+ 51. g4 Nf5+ 52. Kh5 Nd6+ {[%emt 0:00:13] Weighted Error Value: White=0.60/Black=0.27 (precise) .  Loses game:     	White=2     	---        Mistake:       	White=5     	Black=2      Inaccurate:     	White=2     	Black=1      OK:         	White=12    	Black=12     Best:        	White=1     	Black=3      Strong:       	---       	Black=3} 0-1

[Event "Grand Prix Romania 1st Stage 2024"]
[Site "Bucuresti"]
[Date "2024.03.23"]
[Round "2.36"]
[White "Stepanencu, Nicodim-Cosmin"]
[Black "Bezeyko, Olexander"]
[Result "1-0"]
[ECO "D58"]
[WhiteElo "2278"]
[BlackElo "1956"]
[Annotator "RC"]
[PlyCount "107"]
[EventDate "2024.03.20"]
[EventType "swiss"]
[EventCountry "ROU"]
[SourceTitle "playchess.com"]
[Source "ChessBase"]
[SourceQuality "1"]
[TimeControl "900+5"]

1. d4 Nf6 2. c4 e6 3. Nc3 d5 4. Nf3 Be7 5. Bg5 h6 6. Bh4 O-O 7. e3 b6 8. Rc1 Bb7 9. Bxf6 Bxf6 10. cxd5 Bxd5 11. Nxd5 exd5 12. Be2 Qd6 13. O-O c5 14. dxc5 bxc5 15. e4 Bxb2 16. Rc2 Bf6 17. exd5 Rd8 18. Nd2 Nd7 19. Nc4 Qf4 20. Na5 Qa4 21. Nb7 Rdc8 22. Nd6 Rc7 23. g3 Rd8 24. Bb5 Qd4 25. Bc6 Nb6 26. Qxd4 cxd4 27. Nb5 Re7 28. d6 Re6 29. Bb7 Be5 30. Re1 Bxd6 31. Rxe6 fxe6 32. Nxd4 Bxg3 33. Nxe6 Rd1+ 34. Kg2 Be5 35. Rc5 Bf6 36. Ra5 Kf7 37. Nf4 Rd7 38. Bc6 Rc7 39. Be4 g5 40. Nd3 Nc4 41. Bd5+ Kg6 42. Bxc4 Rxc4 43. Rxa7 Rc3 44. Ne1 Rc1 45. Nf3 Rc2 46. Ra6 Kf5 47. h3 h5 48. Ra5+ Kg6 49. a4 Ra2 50. Kg3 Be7 51. Ra6+ Kf5 52. Nd4+ Ke4 53. Nb5 Bc5 54. Nc3+ 1-0

[Event "Grand Prix Romania 1st Stage 2024"]
[Site "Bucuresti"]
[Date "2024.03.23"]
[Round "2.37"]
[White "Roch, Florian"]
[Black "Shuvalova, Polina"]
[Result "0-1"]
[ECO "B90"]
[WhiteElo "1938"]
[BlackElo "2455"]
[Annotator "TA"]
[PlyCount "76"]
[EventDate "2024.03.20"]
[EventType "swiss"]
[EventCountry "ROU"]
[SourceTitle "playchess.com"]
[Source "ChessBase"]
[SourceQuality "1"]
[TimeControl "900+5"]

1. e4 c5 2. Nf3 d6 3. d4 cxd4 4. Nxd4 Nf6 5. Nc3 a6 6. f3 e5 7. Nb3 Be7 8. Be3 Be6 9. Qd2 Nbd7 10. O-O-O O-O 11. g4 b5 12. g5 Nh5 $1 13. Bd3 (13. Nd5 $11) 13... Rc8 14. Kb1 Nb6 15. Na5 {[%emt 0:01:27] The position is equal.} g6 16. h4 {[%emt 0:01:27] [#]} (16. a3 $11) 16... b4 $1 $17 17. Ne2 Nd7 (17... d5 $15 18. Bxa6 Ra8) 18. Nb3 $11 a5 19. Bb5 (19. f4 $1 $11) 19... Qc7 $15 20. f4 (20. c3 $15) 20... exf4 $2 (20... Rfd8 $17 {Strongly threatening ...Nc5.} 21. Ba6 a4) 21. Nxf4 $14 Nxf4 22. Bxf4 {[%emt 0:00:02] h5 is the strong threat.} Ne5 23. Nd4 {[%emt 0:01:59] h5 would now be deadly.} Bg4 24. Rc1 ({White should play} 24. h5 $14) 24... Qc5 (24... Qb6 $11 {feels stronger.}) 25. Be3 {[%emt 0:00:58][%cal Od4c6] aiming for Nc6!} Nc4 (25... Qc7 $1 $14) 26. Bxc4 $16 Qxc4 27. Rcg1 (27. h5 $1 $14) 27... Bh5 $11 28. Rh2 {[%emt 0:00:34] [#]} (28. Rf1 $11) 28... a4 (28... Rfe8 $1 $17 29. b3 Qa6) 29. Ne2 (29. Rf2 $11 {remains equal.}) 29... b3 {[%emt 0:00:09] Black is more active.} (29... Qxe4 $6 30. Ng3 Qe6 31. Nxh5 gxh5 32. Bd4 $11) 30. axb3 axb3 (30... Qxe4 $2 {is the wrong capture.} 31. Nc3 (31. Ng3 Qb7 $16) 31... Rxc3 32. Qxc3 $16) 31. Nc3 Rb8 ({Better is} 31... bxc2+ $17 32. Qxc2 Rfe8) 32. Qd5 bxc2+ 33. Rxc2 Qa6 $36 {[%emt 0:00:02][%mdl 2048] White is under pressure.} 34. Kc1 (34. Rf2 $11 {keeps the balance.}) 34... Rb4 (34... Rfc8 $17 {White must now prevent ...Bd8.} 35. Kd2 Bf8) 35. Kd2 $15 Rfb8 36. Nd1 $2 (36. Qd3 $15 Qa5 37. Qd5) 36... Rb3 $2 (36... Rxb2 {( -> ...Qe2+)} 37. Rxb2 Rxb2+ 38. Nxb2 Qe2+ 39. Kc3 Qxe3+ 40. Kc2 Qxg1) 37. Rc3 $2 (37. Nc3 $19) 37... Rxb2+ 38. Nxb2 Qe2+ {[%emt 0:03:35] Weighted Error Value: White=0.77/Black=0.52.  Loses game:     	White=1     	---        Mistake:       	White=9     	Black=8      Inaccurate:     	White=1     	Black=2      OK:         	White=5     	Black=6      Best:        	White=3     	Black=1      Strong:       	---       	Black=1} 0-1

[Event "Grand Prix Romania 1st Stage 2024"]
[Site "Bucuresti"]
[Date "2024.03.23"]
[Round "2.38"]
[White "Efroimski, Marsel"]
[Black "Dima, Ioan-Radu"]
[Result "1-0"]
[ECO "B23"]
[WhiteElo "2467"]
[BlackElo "1913"]
[Annotator "RC"]
[PlyCount "113"]
[EventDate "2024.03.20"]
[EventType "swiss"]
[EventCountry "ROU"]
[SourceTitle "playchess.com"]
[Source "ChessBase"]
[SourceQuality "1"]
[TimeControl "900+5"]

1. e4 c5 2. Nc3 Nc6 3. Bb5 Nd4 4. Nf3 Nxb5 5. Nxb5 a6 6. Nc3 d6 7. d4 cxd4 8. Qxd4 Nf6 9. Bg5 e6 10. O-O-O Be7 11. e5 dxe5 12. Qxe5 Bd7 13. Rd2 Rc8 14. Rhd1 Qc7 15. Rxd7 Nxd7 16. Qxg7 Bxg5+ 17. Nxg5 Qf4+ 18. Kb1 Qf6 19. Qxf7+ Qxf7 20. Nxf7 Kxf7 21. Rxd7+ Kf6 22. Rxb7 Rhg8 23. g3 h5 24. Rb6 Ra8 25. Nd5+ Ke5 26. Nb4 a5 27. Nd3+ Kf6 28. Nf4 Kf5 29. Nxh5 Rad8 30. Kc1 Rd5 31. h3 Rgd8 32. g4+ Kg5 33. b3 Rd1+ 34. Kb2 R8d6 35. Rb5+ R6d5 36. Rb8 R1d2 37. Ng3 Kg6 38. Ne4 R2d4 39. f3 Rd8 40. Rb6 Kf7 41. Ng5+ Kg8 42. Nxe6 R4d6 43. Rxd6 Rxd6 44. Ng5 Kg7 45. h4 Kg6 46. Ne4 Rd8 47. h5+ Kh6 48. Kc3 Rf8 49. Nd2 Kg5 50. Kd3 Kf4 51. c4 Rd8+ 52. Ke2 Re8+ 53. Ne4 a4 54. b4 a3 55. b5 Rd8 56. b6 Rb8 57. c5 1-0

[Event "Grand Prix Romania 1st Stage 2024"]
[Site "Bucuresti"]
[Date "2024.03.23"]
[Round "2.39"]
[White "Mihailiuc, Flavius-Iulian"]
[Black "Manolache, Marius"]
[Result "0-1"]
[ECO "B20"]
[WhiteElo "1900"]
[BlackElo "2387"]
[Annotator "RC"]
[PlyCount "60"]
[EventDate "2024.03.20"]
[EventType "swiss"]
[EventCountry "ROU"]
[SourceTitle "playchess.com"]
[Source "ChessBase"]
[SourceQuality "1"]
[TimeControl "900+5"]

1. e4 c5 2. b4 cxb4 3. a3 bxa3 4. Bxa3 d5 5. e5 Nc6 6. d4 a6 7. c3 Nh6 8. Bd3 g6 9. Ne2 Bg7 10. O-O O-O 11. h3 Qc7 12. g4 f6 13. f4 fxe5 14. fxe5 Rxf1+ 15. Qxf1 Be6 16. Nd2 Qd7 17. Qg2 Rf8 18. Rf1 Rxf1+ 19. Nxf1 Nf7 20. Ne3 Bh6 21. Bc1 Qd8 22. h4 Qa5 23. g5 Bg7 24. Nf4 Qxc3 25. Bb2 Qe1+ 26. Nf1 Bc8 27. Nxd5 Qxh4 28. Bc4 Nxg5 29. Nf4+ Kh8 30. Qg3 Qxf4 0-1